Map: Rosebud LE

Players

carlfernz

  • Race: Terran Terran
  • Spawn Location: 5:00

timider

  • Race: Zerg Zerg
  • Spawn Location: 5:00

DougieBlitzn

  • Race: Terran Terran
  • Spawn Location: 5:00

Mediscape - Winner!

  • Race: Terran Terran
  • Spawn Location: 11:00

Smileblind - Winner!

  • Race: Protoss Protoss
  • Spawn Location: 11:00

lgmeats - Winner!

  • Race: Protoss Protoss
  • Spawn Location: 11:00

VOD

Have the link to the VOD?

Description

Time

  • Played on: Jan. 23, 2019, 3:06 a.m.
  • Length: 22:24
Show
View Real Time Build Order
Export as new Build Order

carlfernz Terran 

Build Orders:  

Get SALT Encoding   

  12  0:23  Refinery  
  12  0:46  SCV  
  13  0:58  SCV  
  13  1:00  Supply Depot  
  14  1:10  SCV  
  15  1:22  SCV  
  16  1:30  Barracks x2  
  16  1:34  SCV  
  17  1:41  Barracks  
  17  1:54  Engineering Bay  
  17  1:58  SCV  
  19  2:15  SCV  
  19  2:19  Refinery, Barracks Reactor  
  19  2:26  Barracks Reactor  
  19  2:27  SCV  
  20  2:39  SCV  
  20  2:41  Missile Turret  
  21  2:49  Missile Turret  
  21  2:52  SCV  
  21  2:55  Factory  
  22  3:04  SCV  
  23  3:36  Command Center  
  23  3:51  Supply Depot  
  23  4:11  Supply Depot  
  23  4:12  Marine x4  
  23  4:13  SCV  
  23  4:17  Factory Tech Lab  
  28  4:25  SCV  
  29  4:32  Marine x2  
  29  4:33  Marine x2  
  29  4:37  SCV  
  34  4:43  Supply Depot x2  
  34  5:04  Siege Tank  
  34  5:06  Marine x2  
  39  5:19  Starport  
  39  5:20  Starport  
  38  5:44  Marine x2  
  38  5:45  Marine x2  
  39  6:02  Marine x3  
  39  6:03  Marine  
  39  6:20  Marine x4  
  43  6:26  Refinery  
  43  6:27  Refinery  
  43  7:00  Starport, Orbital Command  
  43  7:04  Orbital Command  
  43  7:31  Marine x4  
  47  7:43  Starport  
  47  7:49  Marine x4  
  49  8:06  Marine  
  49  8:07  Marine x3  
  49  8:24  Marine  
  50  8:30  Viking x4  
  58  8:40  SCV  
  59  8:52  SCV  
  60  9:00  Viking  
  62  9:33  SCV  
  63  9:39  Viking x3  
  63  9:45  SCV  
  70  9:50  Sensor Tower  
  70  9:52  Starport  
  70  9:56  Supply Depot  
  70  9:59  Supply Depot  
  70  10:01  Supply Depot  
  70  10:02  Supply Depot  
  70  10:18  SCV, Viking x3  
  77  10:27  Sensor Tower  
  77  10:30  SCV  
  78  10:42  SCV  
  73  10:56  Viking x4  
  67  11:40  Command Center  
  67  11:43  Starport Tech Lab x5  
  63  11:52  Fusion Core  
  63  11:59  Refinery  
  63  12:12  SCV  
  64  12:18  Refinery  
  64  12:24  SCV  
  65  12:36  SCV  
  66  12:48  SCV  
  67  12:52  Missile Turret  
  67  12:56  Armory  
  67  13:00  SCV, Engineering Bay  
  67  13:02  Battlecruiser  
  74  13:07  Weapon Refit  
  74  13:13  Missile Turret  
  74  13:22  SCV  
  75  13:29  Terran Infantry Weapons Level 1  
  75  13:30  Terran Infantry Armor Level 1  
  75  13:34  SCV  
  76  13:47  SCV  
  77  13:59  SCV  
  79  14:48  Planetary Fortress  
  79  14:49  Sensor Tower  
  79  14:52  Battlecruiser x4  
  102  15:56  Battlecruiser x2  
  114  16:10  Terran Ship Weapons Level 1  
  114  17:14  Supply Depot  
  114  17:15  Supply Depot  
  114  17:35  Battlecruiser  
  114  17:36  Battlecruiser x2  
  132  17:39  Supply Depot  
  132  17:57  Battlecruiser  
  130  17:59  Battlecruiser  
  108  18:40  Battlecruiser  
  108  18:41  Battlecruiser x2  
  126  19:01  Viking  
  128  19:03  Battlecruiser  
  134  19:31  Viking  
  136  19:45  Viking x2  
  127  20:46  Viking  
Show
View Real Time Build Order
Export as new Build Order

timider Zerg 

Build Orders: Pool First 

Get SALT Encoding   

  12  0:03  Drone  
  13  0:15  Overlord  
  13  0:22  Drone  
  14  0:36  Spawning Pool  
  14  0:40  Drone  
  14  0:45  Drone  
  15  0:57  Drone  
  15  0:58  Drone, Extractor  
  16  1:15  Drone x2  
  18  1:23  Queen  
  20  1:34  Drone  
  21  1:41  Extractor  
  21  1:43  Zergling x2  
  21  1:50  Drone  
  22  1:59  Overlord  
  22  2:02  Hatchery  
  21  2:10  Metabolic Boost  
  21  2:18  Drone x2  
  22  3:41  Zergling x6  
  23  3:44  Zergling x8  
  29  3:51  Drone  
  30  4:01  Evolution Chamber  
  25  4:40  Zergling x6  
  25  4:44  Zergling x4  
  25  4:45  Zergling x8  
  31  5:02  Queen  
  31  5:03  Drone x2  
  35  5:09  Overlord x2  
  35  5:19  Zerg Melee Weapons Level 1  
  35  5:26  Overlord x2  
  26  6:28  Zergling x4  
  26  6:29  Zergling x6  
  31  6:33  Zergling x2  
  31  6:34  Zergling x4  
  31  6:36  Lair  
  34  6:49  Drone  
  35  6:58  Zergling x4  
  37  7:08  Drone x2  
  39  7:13  Zerg Ground Armor Level 1  
  39  7:14  Zergling x8  
  43  7:18  Zergling x2  
  44  7:28  Drone  
  45  7:46  Nydus Network  
  29  8:40  Roach Warren  
  28  8:43  Overlord x4  
  29  8:55  Drone x2  
  30  9:07  Zerg Missile Weapons Level 1  
  30  9:16  Hatchery  
  29  9:17  Drone x2  
  29  9:18  Drone x3, Hatchery  
  33  9:28  Baneling Nest  
  32  9:49  Drone x3  
  35  9:59  Hatchery  
  34  10:03  Glial Reconstitution  
  34  10:13  Evolution Chamber  
  33  10:15  Drone x2  
  33  10:16  Drone  
  33  10:18  Roach  
  33  10:19  Roach x5  
  48  10:22  Roach x2  
  52  10:29  Roach  
  52  10:35  Extractor  
  53  10:43  Hydralisk Den  
  53  10:46  Zergling x2  
  53  10:47  Zergling x2  
  53  10:49  Zergling x2  
  56  10:50  Zergling x2  
  56  10:52  Zergling x2  
  56  10:53  Zergling x4  
  59  10:57  Centrifical Hooks  
  59  11:00  Zerg Ground Armor Level 2  
  59  11:01  Zerg Melee Weapons Level 2  
  59  11:14  Roach x2  
  59  11:18  Roach x3  
  69  11:25  Roach x3  
  75  11:41  Nydus Network  
  75  11:42  Drone x2  
  76  11:48  Baneling  
  76  11:49  Baneling x5  
  76  11:50  Baneling x2  
  76  12:01  Drone x2  
  76  12:02  Drone  
  76  12:08  Hydralisk x3  
  79  12:15  Overlord x4  
  85  12:21  Drone x2  
  87  12:33  Overseer  
  87  12:35  Pneumatized Carapace  
  87  12:46  Hydralisk x3  
  87  12:48  Hydralisk  
  87  12:49  Hydralisk x2  
  99  12:53  Zergling x2  
  99  12:54  Zergling x4  
  102  13:01  Zergling x8  
  102  13:02  Zergling x4  
  108  13:27  Zergling x2  
  108  13:28  Zergling x10  
  108  13:32  Hydralisk x2  
  108  13:33  Hydralisk x4  
  126  14:22  Nydus Canal  
  126  14:29  Drone  
  126  14:30  Drone x2  
  129  14:33  Drone  
  129  14:34  Drone x2  
  58  15:30  Drone x3  
  58  15:35  Hydralisk x3  
  61  15:38  Grooved Spines  
  61  15:41  Zerg Missile Weapons Level 2  
  67  15:46  Roach x3  
  67  15:48  Roach  
  75  15:50  Roach x2  
  75  15:51  Roach  
  81  16:05  Extractor  
  80  16:12  Drone x2  
  80  16:14  Hydralisk x2  
  80  16:16  Extractor  
  80  16:17  Hydralisk x2  
  80  16:18  Hydralisk  
  91  16:30  Queen  
  93  16:36  Roach  
  93  16:37  Roach  
  97  16:50  Muscular Augments  
  97  16:52  Zergling x6  
  97  16:53  Zergling x2  
  101  16:54  Zergling x4  
  101  16:59  Zergling x6  
  106  17:06  Queen  
  88  17:41  Queen  
  78  18:08  Roach x3  
  78  18:11  Roach x3  
  90  18:14  Roach x3  
  90  18:16  Roach  
  90  18:17  Roach x2  
  104  18:20  Roach x3  
  73  19:03  Zergling x6  
  73  19:04  Zergling x2  
  73  19:06  Zergling x2  
  73  19:07  Zergling x4  
  73  19:08  Zergling x6  
  71  19:10  Zergling x2  
  71  19:11  Zergling x4  
  71  19:17  Zergling x2  
  69  19:28  Baneling  
  69  19:29  Baneling x14  
  69  19:30  Baneling x3  
  69  19:36  Baneling x11  
  69  19:37  Baneling x4  
  69  19:40  Baneling x6  
  69  20:01  Hatchery  
  53  20:53  Zergling x6  
  53  20:56  Zergling x6  
  52  21:19  Drone  
  52  21:23  Zergling x2  
  52  21:24  Zergling x4  
  56  21:37  Zergling x2  
  56  21:38  Zergling x4  
  59  22:01  Zergling x2  
  60  22:03  Zergling x6  
  60  22:05  Zergling x2  
  60  22:06  Zergling x4  
Show
View Real Time Build Order
Export as new Build Order

DougieBlitzn Terran 

Build Orders:  

Get SALT Encoding   

  12  0:06  SCV  
  13  0:15  Supply Depot  
  13  0:19  SCV  
  14  0:31  SCV  
  15  0:41  Barracks  
  15  0:44  SCV  
  16  0:54  Barracks  
  16  0:57  SCV  
  17  1:14  SCV  
  18  1:30  Marine  
  18  1:31  Refinery  
  19  1:37  Supply Depot  
  19  1:43  Refinery  
  19  1:45  SCV, Marine  
  21  1:48  Marine  
  21  1:54  Barracks  
  22  1:57  SCV  
  23  2:04  Barracks  
  23  2:09  SCV  
  23  2:10  Marine  
  23  2:13  Marine  
  26  2:28  Marine  
  27  2:34  Supply Depot  
  27  2:36  Barracks Tech Lab  
  27  2:43  Engineering Bay  
  27  2:47  Engineering Bay  
  27  3:00  Supply Depot  
  27  3:01  Marine  
  27  3:02  Marine  
  29  3:08  Marine x2  
  29  3:12  SCV  
  22  5:03  Barracks Reactor x2  
  22  5:11  Terran Infantry Armor Level 1, Barracks Reactor  
  22  5:12  Terran Infantry Weapons Level 1  
  22  5:15  Stimpack  
  22  5:29  Factory  
  22  5:52  Command Center  
  22  5:57  Command Center x2  
  22  5:58  Marauder, Marine  
  22  5:59  Marine x4  
  22  6:00  Marine  
  30  6:07  Sensor Tower  
  30  6:21  SCV  
  31  6:28  Marauder  
  33  6:35  Orbital Command  
  33  6:37  Marine x2  
  35  7:16  Combat Shield  
  26  8:07  SCV x3  
  26  8:08  SCV  
  28  8:14  Marauder, Marine x3  
  28  8:15  Marine x3  
  28  8:19  SCV x3  
  39  8:20  SCV  
  39  8:23  Barracks  
  39  8:25  Starport  
  40  8:31  SCV  
  40  8:33  Factory Tech Lab  
  41  8:34  Concussive Shells  
  41  8:35  Armory  
  41  8:36  Marine  
  41  8:39  Marine  
  43  8:45  SCV x2  
  43  8:47  SCV  
  46  9:00  Marauder, Marine  
  46  9:01  Marine x3  
  52  9:08  Cyclone  
  55  9:11  Mag-Field Accelerator  
  55  9:17  Neosteel Armor  
  55  9:25  Marine x5  
  55  9:27  Marine  
  61  9:32  Medivac  
  63  9:48  Marine  
  64  9:57  Marine x5  
  64  9:58  Marine x2  
  71  10:02  Medivac  
  71  10:05  Marine  
  68  10:15  Marine x3  
  67  10:23  Marine  
  66  10:41  Marine  
  48  10:59  Marine  
  36  12:04  SCV x4  
  40  12:10  Supply Depot  
  40  12:14  Marauder  
  40  12:15  Marine x3  
  44  12:16  SCV x4, Marine x3  
  44  12:18  Thor  
  44  12:22  Terran Vehicle And Ship Armor Level 1  
  58  12:25  Terran Infantry Armor Level 2  
  58  12:28  SCV x4  
  62  12:32  Marine  
  62  12:33  Reaper  
  62  12:35  Supply Depot  
  62  12:36  Marauder  
  62  12:37  Refinery  
  66  12:40  SCV x2  
  66  12:41  SCV  
  69  12:47  Liberator  
  69  12:52  Refinery  
  69  12:53  SCV x3  
  72  12:58  Supply Depot  
  72  13:01  Thor  
  72  13:05  SCV  
  82  13:11  Barracks Tech Lab  
  82  13:24  Planetary Fortress  
  82  13:46  Medivac  
  54  14:23  Starport Tech Lab  
  44  14:40  Terran Infantry Weapons Level 2  
  44  14:41  SCV  
  43  15:01  Viking  
  43  15:07  Marine x6  
  46  15:08  Marine  
  51  15:24  Marine  
  51  15:25  Marine x5  
  51  15:26  Marine  
  58  15:42  Marine x2  
  51  15:43  Marine  
  22  17:23  Marine x3  
  22  17:24  Marine x4  
  28  17:41  Marine x4  
  28  17:42  Marine x3  
  35  17:46  Terran Infantry Weapons Level 3, Terran Infantry Armor Level 3  
  35  17:50  Thor  
  41  17:52  Terran Vehicle And Ship Armor Level 2  
  41  17:59  Marine x2  
  43  18:24  Medivac  
  45  18:32  Command Center  
  45  18:33  Command Center  
  45  18:38  Refinery  
  45  18:41  Refinery  
  45  18:54  Medivac  
  7  20:15  Marauder, Marine x3  
  7  20:16  Marine x3  
  15  20:25  Thor  
  21  20:33  Marine x4  
  21  20:34  Marine x2  
  27  20:36  Marauder  
  24  20:51  Marine x5  
  24  20:52  Marine  
  27  20:58  Marauder  
  23  21:09  Marine x4  
  29  21:19  Marine  
Show
View Real Time Build Order
Export as new Build Order

Mediscape Terran - Winner!

Build Orders:  

Get SALT Encoding   

  12  0:02  SCV  
  13  0:18  SCV  
  14  0:33  SCV  
  15  0:40  Supply Depot  
  15  0:52  Refinery  
  15  1:01  SCV  
  16  1:05  Barracks  
  16  1:14  SCV  
  17  1:19  Refinery  
  17  1:26  SCV  
  18  1:34  Barracks  
  18  1:38  SCV  
  19  1:50  SCV  
  20  1:58  Supply Depot  
  20  2:02  SCV  
  21  2:11  Supply Depot  
  21  2:14  SCV  
  22  2:16  Barracks Tech Lab  
  22  2:28  Orbital Command  
  22  2:45  Barracks Reactor  
  22  2:56  Command Center  
  23  3:21  Refinery  
  23  3:23  Refinery  
  23  3:26  Marauder  
  24  3:27  Concussive Shells  
  24  3:28  Marine x2  
  26  3:42  SCV  
  27  3:49  Factory  
  27  3:53  Factory  
  27  3:54  SCV  
  28  4:06  SCV  
  28  4:09  Marine x2  
  30  4:10  Marine  
  30  4:14  SCV  
  33  4:18  SCV  
  34  4:27  Marine  
  34  4:28  Marauder  
  35  4:36  SCV  
  34  4:58  Orbital Command  
  34  4:59  Engineering Bay  
  34  5:00  SCV  
  34  5:03  Factory Tech Lab  
  34  5:04  Factory Tech Lab  
  35  5:12  SCV  
  36  5:16  Ghost Academy  
  36  5:27  Marauder, Marine x2  
  40  5:37  Siege Tank  
  40  5:42  Siege Tank  
  43  5:52  SCV  
  43  5:53  SCV  
  45  6:04  SCV  
  45  6:05  SCV  
  47  6:13  Siege Tank  
  47  6:16  SCV  
  51  6:24  Siege Tank  
  54  6:40  Missile Turret  
  54  7:06  Missile Turret  
  54  7:18  Supply Depot  
  54  7:20  SCV x2  
  54  7:26  Missile Turret  
  52  7:32  SCV x2  
  54  7:40  Siege Tank x2  
  60  7:44  SCV x2  
  62  7:54  Missile Turret  
  62  7:56  SCV x2  
  64  8:08  SCV x2  
  64  8:12  Siege Tank x2  
  72  8:23  Missile Turret  
  72  8:29  Starport  
  72  8:32  Supply Depot  
  72  8:39  Ghost  
  74  8:44  Siege Tank  
  74  8:45  Missile Turret  
  77  8:53  Siege Tank  
  80  8:58  SCV  
  81  9:04  Command Center  
  81  9:09  Missile Turret  
  81  9:16  Siege Tank  
  84  9:17  Starport Tech Lab  
  84  9:23  Starport  
  84  9:25  Starport  
  84  9:30  Missile Turret  
  84  9:34  Starport  
  84  9:50  Armory  
  84  9:52  Armory  
  84  9:53  Missile Turret  
  84  10:06  Starport Tech Lab  
  84  10:08  Starport Tech Lab  
  84  10:11  Personal Cloaking  
  84  10:13  Starport Reactor  
  84  10:14  Missile Turret  
  84  10:49  Orbital Command  
  84  10:51  SCV x2  
  86  11:03  SCV x2  
  88  11:15  SCV x2  
  88  11:17  Banshee x2  
  88  11:18  Banshee  
  99  11:20  Viking  
  100  11:26  Viking  
  100  11:32  Marauder  
  94  11:37  Nuke  
  88  11:50  Viking  
  88  11:53  SCV x3  
  93  12:05  SCV x3  
  96  12:17  SCV x2  
  96  12:18  SCV  
  96  12:21  Refinery  
  96  12:22  Refinery  
  99  12:29  SCV x2, Cloaking Field  
  101  12:31  Hyperflight Rotors  
  101  12:37  Supply Depot  
  101  12:38  Supply Depot  
  101  12:40  Supply Depot  
  101  12:59  SCV x3, Viking x2  
  101  13:00  Banshee x3  
  117  13:11  SCV x3  
  117  13:12  Ghost  
  122  13:24  Supply Depot  
  122  13:25  Supply Depot  
  122  13:29  Viking x2  
  122  13:32  Terran Vehicle And Ship Armor Level 1, Terran Ship Weapons Level 1  
  126  13:35  Armory  
  126  13:43  SCV x3, Viking  
  131  14:25  Ghost  
  133  14:40  Nuke  
  133  14:53  Viking x5, Ghost  
  145  15:13  Siege Tank x2  
  145  15:22  Viking  
  145  15:23  Viking x4  
  155  15:40  Supply Depot  
  155  15:41  Terran Ship Weapons Level 2, Terran Vehicle And Ship Armor Level 2, Terran Vehicle Weapons Level 1  
  155  15:45  Siege Tank x2  
  155  15:47  Nuke  
  161  15:53  Banshee x3  
  170  15:57  Viking x2  
  174  16:06  Supply Depot  
  174  16:17  Siege Tank  
  177  16:20  Siege Tank  
  180  16:27  Viking  
  179  16:36  Banshee  
  182  16:49  Siege Tank  
  182  16:53  Siege Tank  
  186  16:54  Viking x2  
  188  17:47  Viking  
  188  17:48  Viking x2, Banshee  
  197  17:57  Terran Vehicle Weapons Level 2  
  197  18:48  Viking  
  197  18:53  Banshee, Viking x2  
  195  19:18  Viking  
  197  19:28  Viking  
  195  19:56  Viking  
  197  20:05  Siege Tank  
  197  20:17  Banshee  
  197  20:18  Siege Tank  
  197  20:35  Viking x2  
Show
View Real Time Build Order
Export as new Build Order

Smileblind Protoss - Winner!

Build Orders:  

Get SALT Encoding   

  12  0:03  Probe  
  13  0:15  Probe  
  14  0:22  Pylon  
  14  0:27  Probe  
  15  0:40  Probe  
  16  0:48  Probe  
  16  0:49  Gateway  
  16  0:56  Probe  
  18  1:05  Forge  
  18  1:07  Probe  
  19  1:14  Assimilator  
  19  1:19  Probe  
  20  1:25  Assimilator  
  20  1:33  Zealot  
  20  1:35  Gateway  
  20  1:38  Probe  
  23  1:57  Photon Cannon  
  23  2:06  Pylon  
  23  2:16  Pylon  
  23  2:24  Probe, Zealot  
  23  2:26  Cybernetics Core  
  26  2:40  Photon Cannon  
  26  2:51  Photon Cannon  
  26  2:52  Zealot  
  28  3:07  Photon Cannon  
  28  3:28  Warp Gate  
  28  3:34  Stalker x2  
  32  3:43  Pylon  
  32  4:03  Stalker  
  32  4:04  Stalker  
  30  4:33  Stalker  
  30  4:34  Stalker  
  30  4:38  Protoss Ground Weapons Level 1  
  34  5:03  Stalker  
  34  5:04  Stalker  
  38  5:18  Probe  
  39  5:33  Stalker x2  
  30  6:04  Zealot  
  26  6:27  Probe  
  26  6:31  Zealot  
  29  6:33  Stalker  
  29  6:39  Probe  
  32  6:53  Stargate  
  32  6:56  Stargate  
  34  7:04  Photon Cannon  
  34  7:15  Pylon  
  34  7:19  Pylon  
  32  7:31  Void Ray x2  
  34  8:14  Void Ray x2  
  38  8:33  Protoss Air Weapons Level 1  
  38  8:37  Stalker x2  
  42  8:57  Void Ray  
  42  8:58  Robotics Facility  
  46  9:29  Nexus  
  46  9:33  Pylon  
  46  9:34  Pylon  
  50  9:55  Observer  
  50  9:59  Phoenix  
  53  10:02  Void Ray  
  53  10:16  Gateway  
  25  11:19  Zealot  
  25  11:28  Zealot  
  23  12:01  Void Ray x2  
  31  12:19  Stalker  
  33  13:39  Nexus  
  33  14:02  Observer  
  15  14:17  Gateway  
  15  14:19  Gateway  
  15  14:33  Zealot x2  
  19  14:58  Probe  
  19  15:06  Probe  
  21  15:15  Probe  
  22  15:27  Probe  
  23  15:40  Probe  
  24  15:52  Probe  
  25  16:04  Probe  
  26  16:09  Assimilator  
  26  16:13  Assimilator  
  26  16:15  Stalker  
  26  16:16  Probe  
  29  16:27  Zealot  
  29  16:28  Probe  
  23  16:40  Void Ray  
  27  16:49  Stalker  
  27  17:19  Pylon  
  27  17:21  Pylon  
  27  17:23  Pylon  
  27  17:25  Pylon  
  27  17:52  Nexus  
  27  17:59  Probe  
  27  18:05  Pylon  
  28  18:11  Probe  
  29  18:17  Twilight Council  
  29  18:26  Shield Battery  
  29  18:30  Stalker  
  31  18:39  Pylon  
  31  18:48  Pylon  
  31  18:53  Probe  
  32  18:57  Charge  
  32  19:01  Sentry  
  34  19:05  Probe  
  35  19:14  Stalker  
  38  19:17  Probe  
  38  19:21  Stalker  
  38  19:23  Probe  
  41  19:32  Probe  
  41  19:37  Phoenix  
  44  19:45  Stalker  
  46  19:52  Pylon  
  46  20:01  Void Ray  
  50  20:16  Probe  
  39  20:28  Probe  
  36  20:37  Probe  
  36  20:40  Stalker x4  
  45  20:46  Probe  
  46  20:55  Probe  
  46  20:56  Photon Cannon  
  46  20:59  Photon Cannon  
  47  21:07  Probe  
  48  21:15  Probe, Zealot x2  
  48  21:16  Pylon  
  52  21:23  Probe  
  53  21:30  Gateway  
  54  21:33  Assimilator, Probe  
  54  21:39  Assimilator  
  55  21:41  Oracle  
  55  21:45  Probe  
  59  21:57  Probe  
  54  22:09  Probe  
Show
View Real Time Build Order
Export as new Build Order

lgmeats Protoss - Winner!

Build Orders: Nexus First 

Get SALT Encoding   

  12  0:45  Nexus  
  12  0:51  Probe  
  13  1:04  Probe  
  14  1:24  Nexus  
  14  1:35  Pylon, Probe  
  15  1:58  Forge  
  15  1:59  Probe  
  15  2:07  Probe  
  16  2:12  Probe  
  18  2:24  Pylon  
  18  2:27  Pylon  
  18  2:36  Probe  
  19  2:40  Photon Cannon  
  18  2:55  Photon Cannon  
  18  2:57  Photon Cannon  
  14  3:25  Photon Cannon  
  13  3:30  Probe x2  
  14  4:02  Pylon  
  14  4:06  Probe  
  14  4:07  Probe  
  16  4:11  Probe  
  17  4:18  Probe  
  18  4:31  Photon Cannon  
  18  4:43  Photon Cannon  
  18  4:45  Probe  
  19  4:59  Probe  
  19  5:00  Probe  
  21  5:07  Probe  
  21  5:08  Probe  
  23  5:21  Forge  
  23  5:26  Probe  
  23  5:28  Probe  
  24  5:33  Pylon  
  25  5:36  Probe  
  25  5:39  Probe  
  27  5:57  Photon Cannon  
  27  6:01  Photon Cannon  
  27  6:03  Photon Cannon  
  26  6:19  Pylon  
  26  6:21  Photon Cannon  
  26  6:24  Probe  
  28  6:25  Photon Cannon, Probe  
  28  6:45  Probe  
  28  6:46  Probe  
  30  6:52  Photon Cannon  
  30  6:56  Photon Cannon  
  30  6:57  Probe  
  30  7:01  Probe  
  32  7:15  Gateway  
  32  7:58  Photon Cannon  
  32  7:59  Pylon  
  32  8:05  Photon Cannon  
  32  8:16  Photon Cannon  
  32  8:18  Probe  
  32  8:19  Probe  
  33  8:35  Assimilator  
  33  8:40  Assimilator  
  33  8:51  Assimilator  
  33  8:55  Assimilator  
  33  8:56  Zealot  
  35  9:21  Cybernetics Core  
  35  9:23  Zealot  
  37  9:32  Probe  
  37  9:33  Probe  
  39  9:44  Probe  
  40  9:50  Probe, Zealot  
  43  9:56  Probe  
  44  10:00  Pylon  
  44  10:03  Stargate, Probe  
  45  10:07  Stargate  
  45  10:11  Pylon  
  45  10:13  Pylon  
  45  10:18  Stalker  
  47  10:36  Pylon  
  47  10:38  Pylon  
  47  10:40  Pylon  
  47  10:47  Stalker  
  49  10:50  Photon Cannon  
  49  10:51  Photon Cannon  
  49  10:53  Photon Cannon  
  49  10:56  Photon Cannon  
  49  11:00  Photon Cannon  
  49  11:03  Pylon  
  49  11:08  Photon Cannon  
  49  11:15  Nexus, Void Ray x2  
  49  11:17  Stalker  
  59  11:20  Stargate  
  59  11:27  Assimilator  
  59  11:32  Assimilator  
  59  11:37  Stalker  
  61  11:56  Probe x2  
  61  12:01  Void Ray  
  63  12:04  Void Ray  
  63  12:05  Stalker, Void Ray  
  77  12:08  Probe x2  
  79  12:20  Probe  
  79  12:21  Probe  
  81  12:27  Stalker  
  81  12:29  Fleet Beacon  
  81  12:34  Probe  
  83  12:42  Probe  
  85  12:51  Probe  
  85  12:55  Void Ray  
  85  12:56  Void Ray  
  85  12:57  Stalker, Void Ray  
  100  13:03  Probe  
  101  13:15  Probe  
  101  13:17  Probe x2  
  104  13:38  Tempest  
  104  13:39  Tempest  
  104  13:40  Tempest  
  104  13:41  Pylon  
  119  13:42  Pylon  
  119  13:44  Pylon  
  111  14:24  Tempest x2  
  111  14:25  Tempest  
  126  14:34  Stalker  
  128  15:03  Stalker  
  105  15:33  Stalker  
  107  15:37  Photon Cannon, Tempest x3  
  107  15:42  Photon Cannon  
  122  15:44  Photon Cannon  
  122  15:46  Pylon  
  122  15:50  Pylon  
  122  15:52  Pylon  
  122  16:01  Photon Cannon  
  122  16:08  Photon Cannon  
  122  16:24  Stargate  
  122  16:39  Tempest x3  
  132  18:05  Tempest x3  
  94  18:06  Tempest  
  96  18:26  Photon Cannon  
  96  18:29  Photon Cannon  
  96  18:31  Photon Cannon  
  96  18:32  Photon Cannon  
  96  18:34  Photon Cannon  
  96  18:41  Pylon  
  96  18:43  Photon Cannon  
  96  18:48  Void Ray x2  
  104  18:57  Void Ray x2  
  112  19:25  Stargate  
  112  19:31  Tempest x2  
  122  19:40  Tempest, Void Ray  
  119  20:03  Photon Cannon  
  119  20:09  Photon Cannon  
  119  20:10  Photon Cannon  
  119  20:14  Photon Cannon, Tempest x2  
  108  20:16  Photon Cannon  
  113  20:27  Photon Cannon  
  103  21:05  Tempest x4  
  103  21:06  Tempest  
  128  21:42  Nexus  
  128  22:11  Photon Cannon  
  128  22:13  Photon Cannon  
Tags
 
Add a new tag
Caveats
  • Supply blocks, unpowered buildings, or Contaminate may cause inaccurate times.
  • Supply counts are checked every 10 seconds.